 Dungeon Crawl Stone Soup version 0.29.1-12-g30fa7ad0bf (webtiles) character file.

Game seed: 1466110114894262932

54467 GeoRichter the Lord of Darkness (level 14, -3/106 HPs)
             Began as a Demonspawn Conjurer on Dec 17, 2022.
             Was the Champion of Kikubaaqudgha.
             Slain by a six-headed hydra (7 damage)
             ... on level 12 of the Dungeon on Dec 18, 2022.
             The game lasted 01:16:58 (24806 turns).

GeoRichter the Lord of Darkness (DsCj)             Turns: 24806, Time: 01:16:59

Health: -3/106     AC: 12    Str:  7    XL:     14   Next: 34%
Magic:  14/28      EV: 20    Int: 27    God:    Kikubaaqudgha [******]
Gold:   1350       SH:  5    Dex: 13    Spells: 6/33 levels left

rFire   . . .      SeeInvis .   i - staff of death
rCold   + . .      Faith    .   l - +0 buckler
rNeg    + . .      Spirit   .   E - +1 steam dragon scales
rPois   .          Reflect  .   (helmet unavailable)
rElec   .          Harm     .   h - +0 cloak
rCorr   +          Rampage  .   O - +0 pair of gloves
Will    +....                   n - +0 pair of boots
Stlth   ++........              (no amulet)
HPRegen 0.27/turn               g - ring of protection from cold
MPRegen 0.42/turn               M - ring of Tinej {rCorr Int+3}

@: agile, about to teleport, spiked, hasted, very quick
A: horns 3, slimy green scales 2, powered by pain 2, magic regeneration,
corrupting presence 1
a: Renounce Religion, Unearth Wretches, Torment


You were on level 12 of the Dungeon.
You worshipped Kikubaaqudgha.
Kikubaaqudgha was exalted by your worship.
You visited 3 branches of the dungeon, and saw 18 of its levels.

You collected 1524 gold pieces.
You spent 174 gold pieces at shops.

Inventory:

Hand Weapons
 c - a +1 war axe of electrocution
   (You found it on level 1 of the Dungeon)
 D - a +1 vorpal trident
   (You took it off an orc on level 7 of the Dungeon)
Missiles
 s - 3 throwing nets {!f}
Armour
 h - a +0 cloak (worn)
   (You found it on level 1 of the Dungeon)
 l - a +0 buckler (worn)
   (You found it on level 2 of the Dungeon)
 n - a +0 pair of boots (worn)
   (You found it on level 11 of the Dungeon)
 E - +1 steam dragon scales (worn)
   (You found it on level 5 of the Dungeon)
 O - a +0 pair of gloves (worn)
   (You found it on level 9 of the Dungeon)
Magical Staves
 i - a staff of death (weapon)
   (You found it on level 8 of the Dungeon)
 G - a staff of earth
   (You found it on level 7 of the Dungeon)
Jewellery
 g - a ring of protection from cold (left hand)
   (You found it on level 1 of the Dungeon)
 J - the ring of Towuf {rPois Str+6 Int+6 Dex-4}
   (You found it on level 8 of the Dungeon)

   [ring of intelligence]

   Str:       It affects your strength (+6).
   Int:       It affects your intelligence (+6).
   Dex:       It affects your dexterity (-4).
   rPois:     It protects you from poison.
 M - the ring of Tinej (right hand) {rCorr Int+3}
   (You found it on level 5 of the Lair of Beasts)

   [ring of resist corrosion]

   Int:       It affects your intelligence (+3).
   rCorr:     It protects you from acid and corrosion.
Wands
 u - a wand of charming (11)
   (You found it on level 3 of the Dungeon)
 F - a wand of roots (23)
   (You found it on level 7 of the Dungeon)
 H - a wand of mindburst (6)
   (You found it on level 8 of the Dungeon)
Scrolls
 e - 8 scrolls of vulnerability {!r}
 f - 11 scrolls of teleportation {@r4}
 k - 3 scrolls of immolation {!r}
 m - 3 scrolls of amnesia
 p - 4 scrolls of enchant armour
 x - 4 scrolls of noise {!r}
 y - 4 scrolls of enchant weapon
 B - 2 scrolls of magic mapping
 K - 3 scrolls of butterflies
 L - 2 scrolls of poison {!r}
 N - a scroll of silence
 P - 5 scrolls of identify {@r1}
Potions
 j - 6 potions of flight
 o - a potion of mutation {!q}
 q - 3 potions of haste {@q3}
 r - 4 potions of brilliance
 t - 2 potions of lignification {!q}
 v - 2 potions of might
 w - a potion of ambrosia
 z - a potion of resistance
 A - 2 potions of cancellation
 C - 4 potions of curing {@q1}
 I - 2 potions of attraction {!q}
Miscellaneous
 b - a phial of floods
   (You found it on level 5 of the Lair of Beasts)


   Skills:
 + Level 8.8 Fighting
 - Level 2.0 Armour
 + Level 8.2 Dodging
 - Level 1.7 Stealth
 - Level 5.0 Shields
 + Level 10.2 Spellcasting
 - Level 9.0 Conjurations
 * Level 12.5 Necromancy
 - Level 7.0 Translocations
 + Level 2.9 Ice Magic
 - Level 9.0 Earth Magic


You had 6 spell levels left.
You knew the following spells:

 Your Spells              Type           Power      Damage    Failure   Level
a - Simulacrum            Ice/Necr       35%        N/A       34%         6
b - Searing Ray           Conj           100%       2d8       1%          2
c - Iskenderun's Mystic   Conj/Tloc      54%        2d12      1%          4
d - Animate Dead          Necr           89%        N/A       1%          4
e - Borgnjor's Vile Clut  Necr/Erth      41%        N/A       1%          5
f - Death Channel         Necr           44%        N/A       4%          6

Your spell library contained the following spells:

 Spells                   Type           Power      Damage    Failure   Level
 Apportation              Tloc           100%       N/A       1%          1
 Freeze                   Ice            100%       1d11      1%          1
 Magic Dart               Conj           100%       1d8       1%          1
 Necrotise                Necr           100%       1d9       1%          1
 Static Discharge         Conj/Air       38%        3-8/arc   1%          2
 Gell's Gravitas          Tloc           51%        N/A       1%          3
 Teleport Other           Tloc           51%        N/A       1%          3
 Vampiric Draining        Necr           89%        2d12      1%          3
 Dispel Undead            Necr           89%        3d28      1%          4
 Agony                    Necr           89%        N/A       1%          5
 Dazzling Flash           Conj/Hex       76%        N/A       2%          3
 Lee's Rapid Deconstruct  Erth           29%        3d16*     3%          5
 Frozen Ramparts          Ice            58%        1d9       4%          3
 Anguish                  Hex/Necr       32%        N/A       4%          4
 Hailstorm                Conj/Ice       46%        3d11      4%          4
 Sting                    Tmut/Pois      52%        1d5       5%          1
 Poisonous Vapours        Pois/Air       26%        N/A       9%          2
 Fulminant Prism          Conj/Hex       19%        3d11      9%          4
 Corpse Rot               Necr/Pois/Air  53%        N/A       10%         4
 Lightning Bolt           Conj/Air       19%        1d33      24%         5
 Dispersal                Tloc           25%        N/A       43%         6
 Olgreb's Toxic Radiance  Pois           13%        N/A       47%         4
 Alistair's Intoxication  Tmut/Pois      8%         N/A       83%         5
 Borgnjor's Revivificati  Necr           44%        N/A       90%         8
 Infestation              Necr           44%        N/A       90%         8
 Haunt                    Necr/Summ      32%        N/A       98%         7
 Maxwell's Capacitive Co  Air            6%         ∞         100%        8
 Necromutation            Tmut/Necr      32%        N/A       100%        8
 Death's Door             Necr           44%        N/A       100%        9


Dungeon Overview and Level Annotations

Branches:
Dungeon (12/15) Zot: 26404  Temple (1/1) D:4 Zot: 5868    Lair (5/5) D:8 Zot: 22301
  Swamp (0/4) Lair:2       Spider (0/4) Lair:3        Slime (0/5) Lair:5
    Orc (0/2) D:12

Altars:
Ashenzari
Cheibriados
Dithmenos
Fedhas
Gozag
Hepliaklqana
Kikubaaqudgha
Makhleb
Nemelex Xobeh
Okawaru
Qazlal
Ru
Sif Muna
Trog
Uskayaw
Vehumet
Wu Jian
Xom
Yredelemnul
Jiyva

Shops:
D:4 ?


Innate Abilities, Weirdness & Mutations

You have a pair of large horns on your head.
You are mostly covered in slimy green scales. (AC +3)
You sometimes gain power by taking damage.
You regenerate magic rapidly.
Your presence sometimes corrodes those you injure.


Message History

Your yaktaur zombie hits the skeletal warrior but does no damage.
Things that are here:
a +0 trident; a boomerang; a +0 plate armour
Aim: a skeletal warrior, wielding a +0 short sword and wearing +0 storm dragon scales (lightly damaged, covered in acid, ally target, 100% to hit)
You feel a surge of power!
Zombie hands grab the skeletal warrior.
The zombie hands constrict the skeletal warrior, but do no damage.
The skeletal warrior escapes!
A manticore comes into view.
The ogre mage mumbles some strange words.
The ogre mage flickers and vanishes!
The manticore moves out of view.
As you read the scroll of teleportation {@r4}, it crumbles to dust.
You feel strangely unstable.
The manticore flicks its tail.
The volley of spikes hits you!
The barbed spikes become lodged in your body.
* * * LOW HITPOINT WARNING * * *
A skeletal warrior comes into view. It is wielding a +0 scimitar.
The barbs in your skin will harm you if you move.
Continue?
Okay, then.
Unknown command.
Okay, then.
Okay, then.
Okay, then.
Okay, then.
Okay, then.
Your surroundings suddenly seem different.
A manticore, a cyclops, a six-headed hydra and a slime creature come into view.
The cyclops shouts!
You hear an angry buzzing noise.
The cyclops throws a large rock.
The large rock closely misses you.
The large rock barely misses the six-headed hydra.
The manticore moves out of view.
The six-headed hydra roars!
As you read the scroll of teleportation {@r4}, it crumbles to dust.
You feel strangely unstable. The six-headed hydra misses you.
You block the six-headed hydra's attack.
The six-headed hydra bites you.
* * * LOW HITPOINT WARNING * * *
The six-headed hydra bites you but does no damage.
The six-headed hydra closely misses you.
The six-headed hydra barely misses you.
The cyclops throws a large rock.
You block the large rock.
Okay, then.
You feel yourself speed up. The six-headed hydra bites you!
* * * LOW HITPOINT WARNING * * *
You focus on the pain.
You feel agile all of a sudden. The six-headed hydra misses you.
The six-headed hydra bites you!
You die...
Kikubaaqudgha rasps: "You have failed me!
Welcome... death!" ... ...# .# #. .# .#. ... .. #.# #.
JCH#.

#.#. ...
#.###'##'#
#.@....... .
###D###'#' #
... # ##'#
... #'#
'###+# ...
...... #.
#.######....
#..
.....z.....


You could see a six-headed hydra, a slime creature, a manticore and a cyclops.

Vanquished Creatures
  Snorg (Lair:5)
  Harold (D:11)
  4 hydras
  Erica (Lair:2)
  2 boulder beetles (D:12)
  A two-headed ogre (D:11)
  Lodul (D:10)
  A wizard (D:11)
  An ugly thing zombie (D:11)
  A manticore (D:11)
  2 cyclopes
  3 ugly things (D:11)
  An elephant (Lair:5)
  3 molten gargoyles (D:9)
  5 black mambas
  A gargoyle (D:11)
  11 cane toads
  2 kobold demonologists (D:9)
  2 komodo dragons
  An unseen horror (D:8)
  2 yaktaurs (D:12)
  2 trolls
  A polar bear (Lair:2)
  A meliai (D:11)
  Prince Ribbit (D:8)
  A tyrant leech (Lair:5)
  13 blink frogs
  Sigmund (D:5)
  16 yaks
  5 wyverns
  9 vampire mosquitoes
  3 steam dragons
  3 basilisks
  9 water moccasins
  A black bear (D:5)
  6 orc warriors
  A sky beast (D:6)
  2 ice beasts
  5 centaurs
  16 ogres
  17 wolves
  3 phantoms
  A komodo dragon zombie (Lair:4)
  14 bullfrogs
  6 kobold brigands
  2 necrophages
  3 scorpions
  A water moccasin zombie (D:5)
  5 wights (D:9)
  6 killer bees
  9 howler monkeys
  An electric eel (Lair:5)
  A bullfrog zombie (D:5)
  4 orc priests
  A jelly (D:6)
  4 gnoll boudas (D:7)
  4 hounds
  An iguana (D:6)
  2 scorpion zombies (D:5)
  8 orc wizards
  A howler monkey zombie (D:5)
  12 gnolls
  8 adders
  2 white imps (D:7)
  2 ufetubi
  An orc zombie (D:8)
  2 worms
  2 dart slugs
  53 orcs
  3 bats
  4 endoplasms
  8 giant cockroaches
  5 goblins
  13 hobgoblins
  2 quokkas
  13 ball pythons
  2 frilled lizards
  17 kobolds
  9 rats
  A butterfly (Lair:2)
396 creatures vanquished.

Vanquished Creatures (collateral kills)
  Nessos (Lair:5)
  A hydra (D:12)
  A two-headed ogre (D:11)
  A centaur warrior (D:11)
  A tengu warrior (D:12)
  A wizard (D:12)
  A necromancer (D:12)
  3 cyclopes
  A manticore (D:11)
  3 elephants (Lair:5)
  7 cane toads (Lair:5)
  A rime drake (Lair:5)
  3 komodo dragons
  2 trolls
  2 tyrant leeches (Lair:5)
  6 blink frogs
  3 shadows (D:11)
  A wraith (D:11)
  26 yaks
  A steam dragon (Lair:2)
  10 vampire mosquitoes
  2 water moccasins
  A human zombie (Lair:2)
  An orc warrior (D:11)
  14 wolves
  10 bullfrogs
  6 killer bees (D:10)
  2 wolf zombies
  An electric eel (Lair:5)
  A gnoll bouda (D:7)
  2 gnolls (D:7)
  A worm (Lair:3)
  An orc (D:11)
  5 kobolds
  A butterfly (Lair:2)
124 creatures vanquished.

Vanquished Creatures (others)
  A molten gargoyle (D:9)
  An ugly thing zombie (D:11)
  A black mamba zombie (Lair:4)
  A water moccasin (Lair:5)
  2 cane toad zombies (Lair:5)
  A black bear (Lair:5)
  4 elephant zombies (Lair:5)
  2 blink frog zombies (Lair:5)
  A manticore zombie (D:11)
  A vampire mosquito zombie (D:12)
  2 bullfrogs (Lair:5)
  3 water moccasin zombies
  15 yak zombies
  2 troll zombies
  10 wolf zombies
  A bullfrog zombie (Lair:5)
  A black bear zombie (Lair:5)
  4 killer bee zombies
  A steam dragon zombie (D:9)
  10 gnoll zombies (D:7)
  12 kobold zombies
  14 orc zombies
  A bush (Lair:5)
  60 fungi
  138 plants
289 creatures vanquished.

Grand Total: 809 creatures vanquished

Notes
Turn   | Place    | Note
-------+----------+-------------------------------------------
     0 | D:1      | GeoRichter the Demonspawn Conjurer began the quest for the
                  | Orb.
     0 | D:1      | Reached XP level 1. HP: 13/13 MP: 3/3
   197 | D:1      | Gained mutation: You sometimes gain a little power by
                  | taking damage. [demonic ancestry]
   197 | D:1      | Reached XP level 2. HP: 19/19 MP: 0/5
   729 | D:1      | Found a faded altar of an unknown god.
   929 | D:1      | Reached XP level 3. HP: 24/24 MP: 4/6
  1619 | D:2      | Reached skill level 5 in Conjurations
  1622 | D:2      | Learned a level 2 spell: Searing Ray
  1767 | D:2      | Gained mutation: You have a pair of small horns on your
                  | head. [demonic ancestry]
  1767 | D:2      | Reached XP level 4. HP: 30/30 MP: 4/8
  3141 | D:3      | Learned a level 4 spell: Iskenderun's Mystic Blast
  3619 | D:4      | Found a staircase to the Ecumenical Temple.
  3627 | Temple   | Entered the Ecumenical Temple
  3784 | D:4      | Reached XP level 5. HP: 29/35 MP: 3/9
  3861 | D:4      | Found an ancient bone altar of Kikubaaqudgha.
  3881 | D:4      | Became a worshipper of Kikubaaqudgha
  4000 | D:4      | Found Funn's Magic Scroll Shoppe.
  4008 | D:4      | Bought 2 scrolls of identify for 48 gold pieces
  4008 | D:4      | Bought a scroll of teleportation for 36 gold pieces
  4008 | D:4      | Bought a scroll of enchant weapon for 90 gold pieces
  4183 | D:4      | Noticed a phantom
  4192 | D:4      | Killed a phantom
  4461 | D:4      | Gained mutation: You are partially covered in slimy green
                  | scales. (AC +2) [demonic ancestry]
  4461 | D:4      | Reached XP level 6. HP: 41/41 MP: 5/11
  4872 | D:5      | Entered Level 5 of the Dungeon
  5089 | D:5      | Noticed Sigmund
  5281 | D:5      | Found an opulent altar of Gozag.
  5348 | D:5      | Killed Sigmund
  5349 | D:5      | Reached skill level 1 in Necromancy
  5349 | D:5      | Reached skill level 1 in Translocations
  5349 | D:5      | Gained mutation: You sometimes gain power by taking damage.
                  | [demonic ancestry]
  5349 | D:5      | Reached XP level 7. HP: 39/46 MP: 4/13
  5583 | D:5      | Reached skill level 2 in Necromancy
  5591 | D:5      | Gained mutation: You are mostly covered in slimy green
                  | scales. (AC +3) [demonic ancestry]
  5591 | D:5      | Reached XP level 8. HP: 30/52 MP: 9/15
  5592 | D:5      | Reached * piety under Kikubaaqudgha
  5592 | D:5      | Received a gift from Kikubaaqudgha
  5596 | D:5      | Reached skill level 3 in Necromancy
  5988 | D:5      | Learned a level 4 spell: Animate Dead
  6102 | D:5      | Reached skill level 5 in Spellcasting
  6229 | D:5      | Found a basalt altar of Yredelemnul.
  6458 | D:5      | Found a bloodstained altar of Trog.
  6588 | D:6      | Reached skill level 4 in Necromancy
  6899 | D:6      | Reached XP level 9. HP: 57/57 MP: 11/17
  7318 | D:6      | Reached skill level 5 in Necromancy
  7409 | D:6      | Reached ** piety under Kikubaaqudgha
  7581 | D:6      | Reached skill level 5 in Translocations
  8962 | D:7      | Reached skill level 6 in Necromancy
  9936 | D:7      | Gained mutation: You regenerate magic rapidly. [demonic
                  | ancestry]
  9936 | D:7      | Reached XP level 10. HP: 43/63 MP: 15/20
 10427 | D:8      | Reached *** piety under Kikubaaqudgha
 10427 | D:8      | Received a gift from Kikubaaqudgha
 10594 | D:8      | Identified the ring of Towuf {rPois Str+6 Int+6 Dex-4}
 10624 | D:8      | Reached skill level 1 in Shields
 10668 | D:8      | Reached skill level 1 in Fighting
 10668 | D:8      | Reached skill level 1 in Armour
 10911 | D:8      | Found a snail-covered altar of Cheibriados.
 10920 | D:8      | Found a sparkling altar of Nemelex Xobeh.
 10943 | D:8      | Found a staircase to the Lair.
 10967 | D:8      | Found a stormy altar of Qazlal.
 10967 | D:8      | Found an iron altar of Okawaru.
 10968 | D:8      | Found a shimmering blue altar of Sif Muna.
 10968 | D:8      | Found a shadowy altar of Dithmenos.
 11015 | D:8      | Noticed Prince Ribbit
 11037 | D:8      | Killed Prince Ribbit
 11038 | D:8      | Reached skill level 7 in Necromancy
 11981 | D:9      | Found a hazy altar of Hepliaklqana.
 12060 | D:9      | Noticed a molten gargoyle
 12160 | Lair:1   | Entered Level 1 of the Lair of Beasts
 12349 | Lair:1   | Reached **** piety under Kikubaaqudgha
 12350 | Lair:1   | Gained mutation: You have a pair of horns on your head.
                  | [demonic ancestry]
 12350 | Lair:1   | Reached XP level 11. HP: 63/75 MP: 21/21
 13327 | Lair:2   | Found a staircase to the Swamp.
 13451 | Lair:2   | Reached skill level 5 in Shields
 13451 | Lair:2   | Reached skill level 8 in Necromancy
 13457 | Lair:2   | Learned a level 5 spell: Borgnjor's Vile Clutch
 13464 | Lair:2   | Learned a level 6 spell: Death Channel
 13530 | Lair:2   | Reached skill level 1 in Earth Magic
 13769 | Lair:2   | Noticed a six-headed hydra
 13800 | Lair:2   | Killed a six-headed hydra
 13983 | Lair:2   | Noticed Erica
 13989 | Lair:2   | Killed Erica
 14733 | Lair:2   | Identified a scroll of acquirement
 14733 | Lair:2   | Acquired the +0 hat of Vywaen {+Inv}
 14943 | Lair:3   | Reached skill level 5 in Fighting
 15011 | Lair:3   | Reached skill level 5 in Dodging
 15700 | Lair:3   | Found a hole to the Spider Nest.
 15711 | Lair:3   | Reached skill level 9 in Necromancy
 15988 | Lair:4   | Gained mutation: Your presence sometimes corrodes those you
                  | injure. [demonic ancestry]
 15988 | Lair:4   | Reached XP level 12. HP: 86/86 MP: 11/24
 16079 | Lair:4   | Reached skill level 5 in Earth Magic
 16762 | Lair:4   | Noticed a six-headed hydra
 16767 | Lair:4   | Killed a six-headed hydra
 16806 | Lair:4   | Noticed an eight-headed hydra
 16813 | Lair:4   | Killed an eight-headed hydra
 17292 | Lair:5   | Entered Level 5 of the Lair of Beasts
 17320 | Lair:5   | Reached ***** piety under Kikubaaqudgha
 17324 | Lair:5   | Reached skill level 10 in Necromancy
 17394 | Lair:5   | Reached XP level 13. HP: 38/95 MP: 1/26
 18396 | Lair:5   | Noticed Snorg
 18403 | Lair:5   | Killed Snorg
 18678 | Lair:5   | Found a viscous altar of Jiyva.
 18678 | Lair:5   | Found a staircase to the Slime Pits.
 18717 | Lair:5   | Reached ****** piety under Kikubaaqudgha
 18914 | Lair:5   | Identified the ring of Tinej {rCorr Int+3}
 19010 | Lair:5   | Noticed Nessos
 19037 | Lair:5   | Killed Nessos
 19938 | D:9      | Found a blossoming altar of Fedhas.
 20123 | D:9      | HP: 4/98 [molten gargoyle/bolt of magma (26)]
 20543 | D:9      | Reached skill level 11 in Necromancy
 20967 | D:10     | Entered Level 10 of the Dungeon
 20999 | D:10     | Found a radiant altar of Vehumet.
 21205 | D:10     | Found a sacrificial altar of Ru.
 21230 | D:10     | Noticed Lodul
 21237 | D:10     | Killed Lodul
 21241 | D:10     | Received a gift from Kikubaaqudgha
 22433 | D:11     | Noticed Harold
 22446 | D:11     | Killed Harold
 22447 | D:11     | Reached skill level 1 in Ice Magic
 22471 | D:11     | Learned a level 6 spell: Simulacrum
 23644 | D:11     | Gained mutation: You have a pair of large horns on your
                  | head. [demonic ancestry]
 23644 | D:11     | Reached XP level 14. HP: 106/106 MP: 18/27
 23990 | D:11     | Reached skill level 10 in Spellcasting
 23990 | D:11     | Reached skill level 12 in Necromancy
 24247 | D:12     | Noticed a white very ugly thing
 24644 | D:12     | Found a staircase to the Orcish Mines.
 24806 | D:12     | HP: 4/106 [six-headed hydra (11)]
 24806 | D:12     | Slain by a six-headed hydra

Illustrated notes

Levels and vault maps discovered:
D:1:      lemuel_arrival_rhombus, layout_basic,
          dreamdust_ecumenical_altar_statues, chequers_serial_rivers_small_a,
          minmay_misc_feat_tower
D:2:      layout_basic, st_stairs_4, minmay_crystal_room
D:3:      layout_loops_cross, serial_bayou, serial_bayou_pond_d,
          serial_bayou_pond_e, serial_bayou_pond_d, serial_bayou_shore_a,
          dreamdust_wishing_well, minmay_quadrilaterals
D:4:      layout_layer_cave, lemuel_tele_altar, minmay_temple_entry_mini_moons,
          serial_shops, shop
D:5:      kennysheep_steamy, layout_basic, nicolae_gozag_seed_capital,
          nicolae_yredelemnul_corpse_copse, trog_book, uniq_sigmund
D:6:      layout_basic
D:7:      kennysheep_seaside_town, layout_layer_cave
D:8:      layout_basic, nemelex_diamond_rough_becter,
          grunt_temple_overflow_open, lair_entry_dummy, reono_crystal_passage,
          uniq_prince_ribbit1
D:9:      layout_loops_ring, worldfamousw_hep_ancestral_shrine,
          marbit_many_paths, chequers_arboretum, minivault_8
D:10:     layout_long_grid, old_standard_altar, mainiacjoe_overflow_catwalk,
          uniq_lodul
D:11:     minmay_chambers_of_sevens, layout_stronghold, uniq_harold
D:12:     minmay_dotted_concentric_squares, layout_basic, david_orc_2
Temple:   nicolae_temple_superstar
Lair:1:   layout_loops_ring
Lair:2:   layout_cave_pods, minmay_swamp_entry_swarm, lemuel_fruit_fields,
          uniq_erica
Lair:3:   layout_misc_corridors, nicolae_spider_entry_non_spiders,
          lemuel_fruit_tree, infiniplex_staircase_pool
Lair:4:   layout_cave_pods, grunt_forest_large_clearings,
          infiniplex_staircase_pool_2
Lair:5:   minmay_lair_end_frog_pond, layout_cave_pods, slime_entry_1,
          uniq_snorg, uniq_nessos

Skill      XL: |  1  2  3  4  5  6  7  8  9 10 11 12 13 14 |
---------------+-------------------------------------------+-----
Conjurations   | 5 6 7 8 9 |  9.0
Spellcasting   | 3 4 5 6 7 8 9 10 | 10.2
Necromancy     | 1 2 4 6 7 9 10 11 12 | 12.5
Translocations | 1 2 4 6 7 |  7.0
Dodging        | 3 5 6 7 8 |  8.2
Shields        | 4 5 |  5.0
Fighting       | 3 5 6 8 |  8.8
Armour         | 2 |  2.0
Earth Magic    | 4 7 9 |  9.0
Ice Magic      | 1 2 |  2.9
Stealth        | |  1.7

Action                   |  1- 3 |  4- 6 |  7- 9 | 10-12 | 13-15 || total
-------------------------+-------+-------+-------+-------+-------++-------
Melee: War axe           |    20 |    46 |    67 |    26 |       ||   159
       Headbutt          |       |     5 |     8 |    29 |    38 ||    80
       Trident           |       |       |    12 |     1 |       ||    13
       Staff             |       |       |       |   119 |   168 ||   287
 Cast: Magic Dart        |    70 |    86 |   139 |    49 |       ||   344
       Searing Ray       |       |     5 |    48 |    64 |    17 ||   134
       Iskenderun's Myst |       |       |     9 |    36 |     3 ||    48
       Animate Dead      |       |       |     2 |    13 |     9 ||    24
       Borgnjor's Vile C |       |       |       |    30 |   102 ||   132
       Death Channel     |       |       |       |     3 |    11 ||    14
Invok: Unearth Wretches  |       |       |       |       |     2 ||     2
       Receive Forbidden |       |       |       |       |     1 ||     1
Evoke: Wand              |       |       |       |     2 |       ||     2
  Use: Scroll            |       |     7 |     3 |    16 |     7 ||    33
       Potion            |       |       |     7 |     5 |     5 ||    17
 Stab: Sleeping          |       |     1 |       |       |       ||     1
       Distracted        |       |       |       |     1 |     2 ||     3
Armor: Robe              |     3 |    14 |    17 |       |       ||    34
       Steam dragon scal |       |       |    27 |    92 |    81 ||   200
Dodge: Dodged            |    19 |    50 |   138 |   258 |   198 ||   663
Block: Buckler           |       |       |       |    62 |    69 ||   131
